| TOP OF THE 1ST |
|
Texas Rangers batting - Pitching for Houston Astros : LHP Mat Pear
|
|
Pitching: LHP Mat Pear
|
|
|
Batting: SHB Vince Ealy
|
0-0: Fly out, F8 (Line Drive, 8LM, EV 86.2 MPH)
|
|
Batting: RHB Blake Ballard
|
0-0: Called Strike 0-1: Fly out, F7 (Flyball, 7, EV 96.2 MPH)
|
|
Batting: RHB Butch Kaiser
|
0-0: Ball 1-0: Fly out, F7 (Flyball, 7S, EV 87.5 MPH)
|
| Top of the 1st over - 0 runs, 0 hits, 0 errors, 0 left on base; Texas 0 - Houston 0 |
| BOTTOM OF THE 1ST |
|
Houston Astros batting - Pitching for Texas Rangers : RHP Franz Holzknecht
|
|
Pitching: RHP Franz Holzknecht
|
|
|
Batting: RHB Jeremy Trump
|
0-0: Ball 1-0: Swinging Strike 1-1: Called Strike 1-2: SINGLE (Groundball, 56, EV 103.8 MPH) (infield hit)
|
|
Batting: RHB Dale Young
|
0-0: Ball 1-0: Ball 2-0: Called Strike 2-1: SINGLE (Groundball, 56, EV 106.2 MPH) (infield hit) Jeremy Trump to second
|
|
Batting: SHB Jason Woods
|
0-0: Ball 1-0: Fly out, F9 (Flyball, 9, EV 91.2 MPH)
|
|
Batting: LHB Jack Christie
|
0-0: Grounds into double play, 6-4-3 (Groundball, 6, EV 85.0 MPH)
|
| Bottom of the 1st over - 0 runs, 2 hits, 0 errors, 1 left on base; Texas 0 - Houston 0 |
| TOP OF THE 2ND |
|
Texas Rangers batting - Pitching for Houston Astros : LHP Mat Pear
|
|
Batting: SHB Addick de Vries
|
0-0: Called Strike 0-1: Ball 1-1: Swinging Strike 1-2: Strikes out looking
|
|
Batting: RHB Reilly Hawkins
|
0-0: Ball 1-0: Foul Ball, location: 2F 1-1: Ground out 6-3 (Groundball, 6, EV 100.0 MPH)
|
|
Batting: RHB Chad Thompson
|
0-0: Called Strike 0-1: Ball 1-1: Ground out 6-3 (Groundball, 56, EV 78.8 MPH)
|
| Top of the 2nd over - 0 runs, 0 hits, 0 errors, 0 left on base; Texas 0 - Houston 0 |
| BOTTOM OF THE 2ND |
|
Houston Astros batting - Pitching for Texas Rangers : RHP Franz Holzknecht
|
|
Batting: SHB Rich Chavez
|
0-0: Ball 1-0: Swinging Strike 1-1: Ball 2-1: Ball 3-1: Foul Ball, location: 2F 3-2: Base on Balls
|
|
Batting: RHB Chris Lane
|
0-0: Called Strike 0-1: Ball 1-1: Foul Ball, location: 2F 1-2: Ball 2-2: Foul Ball, location: 2F 2-2: Grounds into double play, 6-4-3 (Groundball, 6, EV 85.6 MPH)
|
|
Batting: LHB Bryce Hill
|
0-0: Called Strike 0-1: Ball 1-1: Fly out, F9 (Flyball, 89S, EV 76.9 MPH)
|
| Bottom of the 2nd over - 0 runs, 0 hits, 0 errors, 0 left on base; Texas 0 - Houston 0 |
| TOP OF THE 3RD |
|
Texas Rangers batting - Pitching for Houston Astros : LHP Mat Pear
|
|
Batting: RHB Ray Llewellyn
|
0-0: Ground out U3 (Groundball, 3, EV 101.9 MPH)
|
|
Batting: LHB Andy Bowman
|
0-0: Ball 1-0: Ball 2-0: Called Strike 2-1: Ground out 6-3 (Groundball, 6, EV 90.6 MPH)
|
|
Batting: RHB Zhao-ji Chi
|
0-0: Ball 1-0: Ball 2-0: Called Strike 2-1: Ground out 5-3 (Groundball, 56S, EV 86.2 MPH)
|
| Top of the 3rd over - 0 runs, 0 hits, 0 errors, 0 left on base; Texas 0 - Houston 0 |
| BOTTOM OF THE 3RD |
|
Houston Astros batting - Pitching for Texas Rangers : RHP Franz Holzknecht
|
|
Batting: SHB Troy Kenyon
|
0-0: Ground out 3-1 (Groundball, 34S, EV 70.0 MPH)
|
|
Batting: SHB Bryan Johnston
|
0-0: Ball 1-0: Ball 2-0: Foul Ball, location: 2F 2-1: Foul Ball, location: 2F 2-2: Ball 3-2: Foul Ball, location: 2F 3-2: DOUBLE (Line Drive, 5D, EV 100.6 MPH)
|
|
Batting: RHB Jeremy Trump
|
0-0: Called Strike 0-1: Ball 1-1: Ball 2-1: Ground out 5-3 (Groundball, 56, EV 97.5 MPH)
|
|
Batting: RHB Dale Young
|
0-0: Called Strike 0-1: Ball 1-1: Ball 2-1: Swinging Strike 2-2: Strikes out swinging
|
| Bottom of the 3rd over - 0 runs, 1 hit, 0 errors, 1 left on base; Texas 0 - Houston 0 |
| TOP OF THE 4TH |
|
Texas Rangers batting - Pitching for Houston Astros : LHP Mat Pear
|
|
Batting: SHB Vince Ealy
|
0-0: Ball 1-0: Fly out, F8 (Flyball, 8RM, EV 85.0 MPH)
|
|
Batting: RHB Blake Ballard
|
0-0: Called Strike 0-1: Ball 1-1: Foul Ball, location: 2F 1-2: Foul Ball, location: 2F 1-2: Fly out, F9 (Flyball, 9, EV 86.9 MPH)
|
|
Batting: RHB Butch Kaiser
|
0-0: Called Strike 0-1: Ball 1-1: Swinging Strike 1-2: Ball 2-2: Foul Ball, location: 2F 2-2: Strikes out swinging
|
| Top of the 4th over - 0 runs, 0 hits, 0 errors, 0 left on base; Texas 0 - Houston 0 |
| BOTTOM OF THE 4TH |
|
Houston Astros batting - Pitching for Texas Rangers : RHP Franz Holzknecht
|
|
Batting: SHB Jason Woods
|
0-0: Ball 1-0: Called Strike 1-1: Ground out 5-3 (Groundball, 56S, EV 93.8 MPH)
|
|
Batting: LHB Jack Christie
|
0-0: Foul Ball, location: 2F 0-1: Ground out U3 (Groundball, 3L, EV 107.5 MPH)
|
|
Batting: SHB Rich Chavez
|
0-0: Ball 1-0: Foul Ball, location: 2F 1-1: Foul Ball, location: 2F 1-2: Ball 2-2: Foul Ball, location: 2F 2-2: Ground out 3-1 (Groundball, 34, EV 88.8 MPH)
|
| Bottom of the 4th over - 0 runs, 0 hits, 0 errors, 0 left on base; Texas 0 - Houston 0 |
| TOP OF THE 5TH |
|
Texas Rangers batting - Pitching for Houston Astros : LHP Mat Pear
|
|
Batting: SHB Addick de Vries
|
0-0: Called Strike 0-1: Swinging Strike 0-2: Foul Ball, location: 2F 0-2: SOLO HOME RUN (Flyball, 7D, EV 103.1 MPH), Distance : 388 ft
|
|
Batting: RHB Reilly Hawkins
|
0-0: Called Strike 0-1: Called Strike 0-2: Fly out, F7 (Flyball, 78M, EV 81.2 MPH)
|
|
Batting: RHB Chad Thompson
|
0-0: Ball 1-0: Foul Ball, location: 2F 1-1: Foul Ball, location: 2F 1-2: Foul Ball, location: 2F 1-2: Ball 2-2: Ball 3-2: Foul Ball, location: 2F 3-2: Ground out 5-3 (Groundball, 56, EV 90.6 MPH)
|
|
Batting: RHB Ray Llewellyn
|
0-0: Called Strike 0-1: Ground out 5-3 (Groundball, 5, EV 84.4 MPH)
|
| Top of the 5th over - 1 run, 1 hit, 0 errors, 0 left on base; Texas 1 - Houston 0 |
| BOTTOM OF THE 5TH |
|
Houston Astros batting - Pitching for Texas Rangers : RHP Franz Holzknecht
|
|
Batting: RHB Chris Lane
|
0-0: Fly out, F2 (Popup, 23F, EV 89.4 MPH)
|
|
Batting: LHB Bryce Hill
|
0-0: Called Strike 0-1: Called Strike 0-2: Ball 1-2: Fly out, F7 (Line Drive, 7S, EV 91.9 MPH)
|
|
Batting: SHB Troy Kenyon
|
0-0: Ball 1-0: Ball 2-0: Foul Ball, location: 2F 2-1: SINGLE (Line Drive, 9S, EV 92.5 MPH)
|
|
Batting: SHB Bryan Johnston
|
0-0: Ground out 4-3 (Groundball, 4, EV 97.5 MPH)
|
| Bottom of the 5th over - 0 runs, 1 hit, 0 errors, 1 left on base; Texas 1 - Houston 0 |
| TOP OF THE 6TH |
|
Texas Rangers batting - Pitching for Houston Astros : LHP Mat Pear
|
|
Batting: LHB Andy Bowman
|
0-0: SINGLE (Groundball, 4D, EV 101.2 MPH)
|
|
Batting: RHB Zhao-ji Chi
|
0-0: Ball 1-0: Ball Pickoff Throw by Catcher to First - Out! 2-0: Called Strike 2-1: Foul Ball, location: 2F 2-2: Foul Ball, location: 2F 2-2: Foul Ball, location: 2F 2-2: Foul Ball, location: 2F 2-2: SINGLE (Groundball, 4MD, EV 95.6 MPH)
|
|
Batting: SHB Vince Ealy
|
0-0: Ball 1-0: Ball 2-0: Fly out, F8 (Flyball, 8RXD, EV 105.6 MPH)
|
|
Batting: RHB Blake Ballard
|
0-0: Swinging Strike 0-1: Swinging Strike 0-2: Foul Ball, location: 2F 0-2: Foul Ball, location: 2F 0-2: Ball Zhao-ji Chi is caught stealing 2nd base 2-4
|
| Top of the 6th over - 0 runs, 2 hits, 0 errors, 0 left on base; Texas 1 - Houston 0 |
| BOTTOM OF THE 6TH |
|
Houston Astros batting - Pitching for Texas Rangers : RHP Franz Holzknecht
|
|
Batting: RHB Jeremy Trump
|
0-0: SINGLE (Groundball, 23, EV 68.1 MPH) (infield hit)
|
|
Batting: RHB Dale Young
|
0-0: Ball 1-0: Called Strike 1-1: Ball 2-1: Foul Ball, location: 2F 2-2: Ground out 3-1 (Groundball, 34, EV 87.5 MPH) Jeremy Trump to second
|
|
Batting: SHB Jason Woods
|
0-0: DOUBLE (Flyball, 8LXD, EV 110.6 MPH) Jeremy Trump scores
|
|
Batting: LHB Jack Christie
|
0-0: Called Strike 0-1: Swinging Strike 0-2: Foul Ball, location: 2F 0-2: Ground out U3 (Groundball, 3, EV 80.6 MPH) Jason Woods to third
|
|
Batting: SHB Rich Chavez
|
0-0: Ball 1-0: SINGLE (Line Drive, 7S, EV 108.8 MPH) Jason Woods scores
|
|
Batting: RHB Chris Lane
|
0-0: Called Strike 0-1: Swinging Strike 0-2: Fly out, F5 (Popup, 56S, EV 83.8 MPH)
|
| Bottom of the 6th over - 2 runs, 3 hits, 0 errors, 1 left on base; Texas 1 - Houston 2 |
| TOP OF THE 7TH |
|
Texas Rangers batting - Pitching for Houston Astros : LHP Mat Pear
|
|
Batting: RHB Blake Ballard
|
0-0: Called Strike 0-1: SOLO HOME RUN (Flyball, 9D, EV 96.9 MPH), Distance : 383 ft
|
|
Batting: RHB Butch Kaiser
|
0-0: Fly out, F9 (Line Drive, 89D, EV 94.4 MPH)
|
|
Batting: SHB Addick de Vries
|
0-0: Foul Ball, location: 2F 0-1: Ball 1-1: Foul Ball, location: 2F 1-2: Ground out 5-3 (Groundball, 56, EV 81.9 MPH)
|
|
Batting: RHB Reilly Hawkins
|
0-0: Ground out 3-1 (Groundball, 34S, EV 84.4 MPH)
|
| Top of the 7th over - 1 run, 1 hit, 0 errors, 0 left on base; Texas 2 - Houston 2 |
| BOTTOM OF THE 7TH |
|
Houston Astros batting - Pitching for Texas Rangers : RHP Franz Holzknecht
|
|
Batting: LHB Bryce Hill
|
0-0: Ball 1-0: Ball 2-0: Ground out 6-3 (Groundball, 4M, EV 97.5 MPH)
|
|
Batting: SHB Troy Kenyon
|
0-0: Called Strike 0-1: Ball 1-1: Ground out U3 (Groundball, 34S, EV 85.0 MPH)
|
|
Batting: SHB Bryan Johnston
|
0-0: Called Strike 0-1: Ball 1-1: Foul Ball, location: 2F 1-2: Ball 2-2: Fly out, F4 (Popup, 4, EV 78.1 MPH)
|
| Bottom of the 7th over - 0 runs, 0 hits, 0 errors, 0 left on base; Texas 2 - Houston 2 |
| TOP OF THE 8TH |
|
Texas Rangers batting - Pitching for Houston Astros : LHP Mat Pear
|
|
Batting: RHB Chad Thompson
|
0-0: Called Strike 0-1: Swinging Strike 0-2: Strikes out swinging
|
|
Batting: RHB Ray Llewellyn
|
0-0: Ball 1-0: Called Strike 1-1: Swinging Strike 1-2: Ball 2-2: Strikes out swinging
|
|
Batting: LHB Andy Bowman
|
0-0: Ball 1-0: Ball 2-0: Called Strike 2-1: Ball 3-1: Ground out U3 (Groundball, 34S, EV 65.0 MPH)
|
| Top of the 8th over - 0 runs, 0 hits, 0 errors, 0 left on base; Texas 2 - Houston 2 |
| BOTTOM OF THE 8TH |
|
Houston Astros batting - Pitching for Texas Rangers : RHP Franz Holzknecht
|
|
Batting: RHB Jeremy Trump
|
0-0: Ball 1-0: Ball 2-0: Swinging Strike 2-1: Swinging Strike 2-2: Foul Ball, location: 2F 2-2: Ball 3-2: Base on Balls
|
|
Pinch Hitting: SHB Joe Gardner
|
0-0: Sac Bunt to 15 - play at first, batter OUT! 1-3 Jeremy Trump to second
|
|
Batting: SHB Jason Woods
|
0-0: Called Strike 0-1: Foul Ball, location: 2F 0-2: Ball 1-2: Fly out, F3 (Line Drive, 34, EV 73.1 MPH)
|
|
Pitching: RHP Andrew Coker
|
|
|
Batting: LHB Jack Christie
|
0-0: Ball 1-0: Ball 2-0: Foul Ball, location: 2F 2-1: Foul Ball, location: 2F 2-2: Hit by Pitch
|
|
Batting: SHB Rich Chavez
|
0-0: Ball 1-0: Foul Ball, location: 2F 1-1: Foul Ball, location: 2F 1-2: Fly out, F5 (Popup, 5L, EV 78.1 MPH)
|
| Bottom of the 8th over - 0 runs, 0 hits, 0 errors, 2 left on base; Texas 2 - Houston 2 |
| TOP OF THE 9TH |
|
Texas Rangers batting - Pitching for Houston Astros : LHP Mat Pear
|
|
Now at 2B: Danny Merrill
|
|
|
Batting: RHB Zhao-ji Chi
|
0-0: Ground out 4-3 (Groundball, 34, EV 87.5 MPH)
|
|
Batting: SHB Vince Ealy
|
0-0: Foul Ball, location: 2F 0-1: Called Strike 0-2: Foul Ball, location: 2F 0-2: Strikes out swinging
|
|
Batting: RHB Blake Ballard
|
0-0: Swinging Strike 0-1: Ground out 1-3 (Groundball, 34S, EV 74.4 MPH)
|
| Top of the 9th over - 0 runs, 0 hits, 0 errors, 0 left on base; Texas 2 - Houston 2 |
| BOTTOM OF THE 9TH |
|
Houston Astros batting - Pitching for Texas Rangers : RHP Andrew Coker
|
|
Batting: RHB Chris Lane
|
0-0: Ball 1-0: Called Strike 1-1: Ground out 6-3 (Groundball, 6M, EV 85.0 MPH)
|
|
Batting: LHB Bryce Hill
|
0-0: Called Strike 0-1: Ball 1-1: Ball 2-1: Ball 3-1: Swinging Strike 3-2: Ground out 4-3 (Groundball, 34D, EV 108.1 MPH)
|
|
Batting: SHB Troy Kenyon
|
0-0: Ball 1-0: Called Strike 1-1: Ground out 5-3 (Groundball, 56S, EV 83.1 MPH)
|
| Bottom of the 9th over - 0 runs, 0 hits, 0 errors, 0 left on base; Texas 2 - Houston 2 |
| TOP OF THE 10TH |
|
Texas Rangers batting - Pitching for Houston Astros : LHP Mat Pear
|
|
Pitching: RHP Bill Dillard
|
|
|
Batting: RHB Butch Kaiser
|
0-0: Called Strike 0-1: Foul Ball, location: 2F 0-2: Strikes out swinging
|
|
Batting: SHB Addick de Vries
|
0-0: Foul Ball, location: 2F 0-1: Foul Ball, location: 2F 0-2: Foul Ball, location: 2F 0-2: Foul Ball, location: 2F 0-2: Ball 1-2: Ball 2-2: Ball 3-2: Foul Ball, location: 2F 3-2: Base on Balls
|
|
Pinch Hitting: LHB Sean Geisler
|
0-0: Foul Ball, location: 2F 0-1: Foul Ball, location: 2F 0-2: Ball 1-2: Ball 2-2: Ball 3-2: Base on Balls Addick de Vries to second
|
|
Batting: RHB Chad Thompson
|
0-0: Called Strike 0-1: Ball 1-1: Called Strike 1-2: Reaches on Catchers interference Addick de Vries to third Sean Geisler to second
|
|
Batting: RHB Ray Llewellyn
|
0-0: Ball 1-0: Ball 2-0: Foul Ball, location: 2F 2-1: Foul Ball, location: 2F 2-2: Ball 3-2: Strikes out swinging
|
|
Batting: LHB Andy Bowman
|
0-0: Called Strike 0-1: Ball 1-1: Called Strike 1-2: Strikes out looking
|
| Top of the 10th over - 0 runs, 0 hits, 1 error, 3 left on base; Texas 2 - Houston 2 |
| BOTTOM OF THE 10TH |
|
Houston Astros batting - Pitching for Texas Rangers : RHP Andrew Coker
|
|
Pitching: RHP Brad Kramer
|
|
|
Now at 1B: Sean Geisler
|
|
|
Now at 3B: Butch Kaiser
|
|
|
Batting: SHB Bryan Johnston
|
0-0: Swinging Strike 0-1: Called Strike 0-2: DOUBLE (Line Drive, 78M, EV 109.4 MPH)
|
|
Batting: RHB Jeremy Trump
|
0-0: Called Strike 0-1: Foul Ball, location: 2F 0-2: Ball 1-2: Ball 2-2: Foul Ball, location: 2F 2-2: Foul Ball, location: 2F 2-2: 2-RUN HOME RUN (Flyball, 7D, EV 99.4 MPH), Distance : 379 ft
|
| Bottom of the 10th over - 2 runs, 2 hits, 0 errors, 0 left on base; Texas 2 - Houston 4 |
|